AoeStats
← CMD_UnknowN

Arabia

505540190Analyzed
1v1 RM · 22d ago on Sep 9, 2026· 44m 21s· 2 players
Game mode
Random Map
Map size
Tiny (2 player)
Population
200
Speed
Normal
Resources
Standard
Victory
Conquest
Starting age
Dark Age
Ending age
Imperial Age
RankedLock teamsTeams togetherTeam positionsShared explorationLock speedFull tech treeHidden civsTurbo modeCheats
Victory
Defeat
🇬🇧 Celts · United Kingdom
1241
+17
🇺🇸 Dravidians · United States
1259
-17
camfewell
7:46 Loom
10:27 Feudal Age
10:42 Man-at-Arms
11:31 Double-Bit Axe
15:29 Horse Collar
16:04 Scale Mail Armor
22:26 Castle Age
20:45 Gold Mining
22:01 Forging
22:41 Wheelbarrow
22:05 Arson
23:24 Chain Mail Armor
22:43 Long Swordsman
26:10 Gambesons
27:03 Bow Saw
29:34 Heavy Plow
33:15 Gold Shaft Mining
36:25 Iron Casting
42:38 Imperial Age
40:43 Hand Cart
43:45 Elite Woad Raider
45:26 Plate Mail Armor
CMD_UnknowN
6:54 Loom
9:45 Feudal Age
10:19 Double-Bit Axe
10:15 Horse Collar
17:01 Fletching
19:37 Gold Mining
22:58 Castle Age
21:01 Padded Archer Armor
23:14 Crossbowman
27:23 Bow Saw
31:53 Heavy Plow
35:50 Wheelbarrow
38:16 Scale Mail Armor
38:19 Bodkin Arrow
39:50 Chain Mail Armor
39:46 Forging
40:06 Bodkin Arrow
41:19 Bodkin Arrow
42:01 Iron Casting
41:28 Squires
41:14 Arson
Connection lost

Rejoining the realm…

Still unreachable

The connection could not be restored.

Session expired

The server has moved on; the page needs a fresh start.